 Dungeon Crawl Stone Soup version 0.30-a0-373-gd37427bb62 (webtiles) character file.

Game seed: 17228834714158716911

25 sanka the Conjurer (level 2, -6/24 HPs)
             Began as a Demigod Reaver on Nov 23, 2022.
             Mangled by a worm (9 damage)
             ... on level 2 of the Dungeon.
             The game lasted 00:01:54 (833 turns).

sanka the Conjurer (Demigod Reaver)                  Turns: 833, Time: 00:01:55

Health: -6/24      AC:  3    Str: 13    XL:     2   Next: 66%
Magic:  3/7        EV: 11    Int: 15    God:
Gold:   68         SH:  0    Dex: 12    Spells: 2/5 levels left

rFire   . . .      SeeInvis .    a - +0 mace
rCold   . . .      Faith    .    (no shield)
rNeg    . . .      Spirit   .    e - +0 leather armour
rPois   .          Reflect  .    (no helmet)
rElec   .          Harm     .    (no cloak)
rCorr   .          Rampage  .    (no gloves)
Will    .....                    (no boots)
Stlth   +.........               (no amulet)
HPRegen 0.24/turn                (no ring)
MPRegen 0.10/turn                (no ring)

@: no status effects
A: high MP 1, forlorn, divine attributes
a: no special abilities


You were on level 2 of the Dungeon.
You visited 1 branch of the dungeon, and saw 2 of its levels.

You collected 68 gold pieces.


Innate Abilities, Weirdness & Mutations

You have an increased reservoir of magic. (+10% MP)
You shall have no god before yourself.
Your divine heritage dramatically boosts your attributes as you level up.


   Skills:
 - Level 2.0 Fighting
 - Level 3.0 Maces & Flails
 - Level 1.7 Dodging
 - Level 2.0 Spellcasting
 + Level 3.1 Conjurations
 + Level 0.2 Necromancy
 + Level 0.3 Translocations


You had 2 spell levels left.
You knew the following spells:

 Your Spells              Type           Power      Damage    Failure   Level
u - Momentum Strike       Conj/Tloc      12%        3d8       22%         2
y - Kiss of Death         Conj/Necr      24%        2d7       14%         1

Your spell library contained the following spells:

 Spells                   Type           Power      Damage    Failure   Level
 Hailstorm                Conj/Ice       6%         3d4       41%         3

Inventory:

Hand Weapons
 a - a +0 mace (weapon)
 b - a +1 sling of freezing
Armour
 e - a +0 leather armour (worn)
Scrolls
 c - a scroll of identify {unknown}
 g - a scroll of butterflies {unknown}
Potions
 d - 2 potions of resistance {unknown}
 f - a potion of curing {unknown}

Dungeon Overview and Level Annotations

Branches:
Dungeon (2/15)

Shops:
D:1

(
♣~~≈≈~~~...~P♣
♣~~≈≈P~~...~~♣
▒♣P~≈~P...~P♣♣
▒~~≈~~....P~▒
▒~P~P~P...♣▒▒
▒♣~~~~~...▒
♣P~~~♣...▒
▒~P~~♣..▒▒
▒▒♣~~~♣p.▒
▒..~~~▒w▒▒
....~.?J▒
........▒
........+
........▒
.......▒▒
▒.....▒ ▒▒.J.▒


You could see a worm and an endoplasm.


Message History

The concentrated momentum misses the adder.
The endoplasm quivers.
The adder bites you.
* * * LOW HITPOINT WARNING * * *
The concentrated momentum hits the adder!
The adder dies!
You are unable to move.
Unknown command.
You hit the kobold.
You kill the kobold!
You barely miss the worm.
A goblin comes into view. It is wielding a +0 dagger.
You cannot move.
You cannot move.
You cannot move.
You hit the worm but do no damage. The worm bites you!
* * * LOW HITPOINT WARNING * * *
You hit the worm.
The worm is lightly wounded.
The worm closely misses you.
You hit the worm.
The worm is heavily wounded.
You are no longer robbed of momentum.
The worm bites you.
* * * LOW HITPOINT WARNING * * *
You hit the worm.
The worm is severely wounded.
The worm bites you!
You die...

Action                   || total
-------------------------++-------
Melee: Mace              ||    67
 Fire: Sling             ||     7
 Cast: Momentum Strike   ||     2
Armor: Leather armour    ||    13
Dodge: Dodged            ||    43

Levels and vault maps discovered:
D:1:      psy_arrival_spokes, layout_rooms, serial_shops, shop_fountains,
          minmay_misc_feat_hallway
D:2:      layout_loops_corners, basic_altar, serial_bayou_ford_a,
          kennysheep_generic_room_12, uniq_robin, uniq_jessica

Notes
Turn   | Place    | Note
-------+----------+-------------------------------------------
     0 | D:1      | sanka the Demigod Reaver began the quest for the Orb.
     0 | D:1      | Reached XP level 1. HP: 17/17 MP: 5/5
   151 | D:1      | Found Gomian's Antique Weapon Boutique.
   170 | D:1      | Reached skill level 2 in Fighting
   174 | D:1      | Reached skill level 2 in Spellcasting
   278 | D:1      | Reached XP level 2. HP: 8/24 MP: 7/7
   345 | D:1      | Learned a level 2 spell: Momentum Strike
   456 | D:1      | Reached skill level 3 in Conjurations
   526 | D:1      | Reached skill level 3 in Maces & Flails
   833 | D:2      | Mangled by a worm

Vanquished Creatures
  A dart slug (D:1)
  2 endoplasms (D:1)
  2 goblins (D:1)
  2 kobolds
  2 quokkas (D:1)
  4 ball pythons (D:1)
  A bat (D:1)
  A frilled lizard (D:1)
  3 rats
18 creatures vanquished.

Vanquished Creatures (others)
  An adder (D:2)
  A plant (D:2)
2 creatures vanquished.

Grand Total: 20 creatures vanquished
